 Dungeon Crawl Stone Soup version 0.32-a0-18-g89e19f1974 (webtiles) character file.

Game seed: 9889396121326311160

122307 cforsyth the Slayer (level 16, -4/240 HPs)
             Began as an Oni Shapeshifter on Jan 16, 2024.
             Was the Champion of Qazlal.
             Slain by a spriggan rider
             ... wielding a +0 spear
              (27 damage)
             ... on level 2 of the Swamp.
             The game lasted 00:43:13 (35063 turns).

cforsyth the Slayer (Oni Shapeshifter)             Turns: 35063, Time: 00:43:14

Health: -4/240     AC:  8    Str: 33    XL:     16   Next: 87%
Magic:  16/16      EV: 14    Int: 11    God:    Qazlal [******]
Gold:   2719       SH:  8    Dex:  8    Spells: 15/15 levels left

rFire   . .          .
                       - Unarmed
rCold   . . .        (shield currently unavailable)
rNeg    . . .        l - melded +0 steam dragon scales
rPois   +            (helmet currently unavailable)
rElec   .            (cloak currently unavailable)
rCorr   .            (gloves unavailable)
SInv    .            (boots unavailable)
Will    +....        C - amulet of magic regeneration
Stlth   +            B - +5 ring of evasion
HPRegen 0.60/turn    K - +4 ring of slaying
MPRegen 0.55/turn

%: repel missiles
@: snake-form, protected from physical damage, corroded
A: constrict, boosted hp, large, unfitting armour, (horns 1), (tough skin 1),
double potion healing, drunken brawling
a: Begin Untransformation, Renounce Religion, Upheaval, Elemental Force,
Disaster Area


You were on level 2 of the Swamp.
You worshipped Qazlal.
Qazlal was exalted by your worship.
You were an enormous serpent.
You visited 5 branches of the dungeon, and saw 25 of its levels.

You collected 3008 gold pieces.
You spent 289 gold pieces at shops.

Inventory:

Missiles
 L - 2 throwing nets (quivered)
Armour
 a - a +1 animal skin
 l - +0 steam dragon scales (melded)
Jewellery
 v - a ring of willpower
 B - a +5 ring of evasion (left hand)
 C - an amulet of magic regeneration (around neck)
 I - a ring of flight
 K - a +4 ring of slaying (right hand)
 N - a ring of willpower
 W - a ring of wizardry
 Y - the ring of Giarchus {rPois rN+ Int-2 Dex+6}
   (You found it on level 15 of the Dungeon)

   [ring of positive energy]

   Int-2:     It affects your intelligence (-2).
   Dex+6:     It affects your dexterity (+6).
   rPois:     It protects you from poison rN+: It protects you from negative
   energy.
Talismans
 c - a beast talisman
 d - a flux talisman
 J - a serpent talisman (active)
Wands
 b - a wand of charming (6)
 p - a wand of digging (17)
 s - a wand of iceblast (38)
 z - a wand of flame (37)
 R - a wand of light (7)
 Z - a wand of polymorph (6)
Scrolls
 f - 6 scrolls of enchant armour
 i - 3 scrolls of fog
 j - 2 scrolls of fear
 k - 2 scrolls of vulnerability
 m - 4 scrolls of poison
 n - 2 scrolls of enchant weapon
 o - a scroll of blinking
 q - 4 scrolls of revelation
 r - 3 scrolls of brand weapon
 t - 5 scrolls of amnesia
 w - 5 scrolls of silence
 y - 7 scrolls of teleportation
 E - 2 scrolls of butterflies
 H - a scroll of immolation
 O - a scroll of torment
 Q - a scroll of acquirement
 X - 6 scrolls of identify
Potions
 e - 3 potions of mutation
 g - a potion of lignification
 h - 2 potions of heal wounds
 u - 7 potions of brilliance
 x - 5 potions of enlightenment
 D - 2 potions of berserk rage
 F - 5 potions of attraction
 G - 3 potions of haste
 M - 6 potions of curing
 P - a potion of ambrosia
 S - 4 potions of might
 T - 2 potions of magic
 U - 2 potions of resistance
 V - a potion of invisibility


   Skills:
 + Level 22.0 Fighting
 - Level 1.7 Dodging
 + Level 16.1 Unarmed Combat
 + Level 16.1 Shapeshifting


You had 15 spell levels left.
You didn't know any spells.
Your spell library contained the following spells:

 Spells                   Type           Power      Damage    Failure   Level
 Ensorcelled Hibernation  Hex/Ice        0%         N/A       47%         2
 Mercury Vapours          Alch/Air       0%         N/A       47%         2
 Scorch                   Fire           0%         2d5       47%         2
 Sublimation of Blood     Necr           0%         N/A       47%         2
 Call Canine Familiar     Summ           0%         N/A       71%         3
 Hailstorm                Conj/Ice       0%         3d5       71%         3
 Mephitic Cloud           Conj/Alch/Air  0%         N/A       71%         3
 Passwall                 Erth           0%         N/A       71%         3
 Sigil of Binding         Hex            0%         N/A       71%         3
 Summon Ice Beast         Ice/Summ       0%         N/A       71%         3
 Swiftness                Air            0%         N/A       71%         3
 Volatile Blastmotes      Fire/Tloc      0%         2d10      71%         3
 Animate Dead             Necr           0%         N/A       98%         4
 Dimensional Bullseye     Hex/Tloc       0%         N/A       98%         4
 Flame Wave               Conj/Fire      0%         2d4       98%         4
 Fulminant Prism          Conj/Alch      0%         3d5       98%         4
 Iskenderun's Mystic Bla  Conj/Tloc      0%         2d3       98%         4
 Olgreb's Toxic Radiance  Alch           0%         N/A       98%         4
 Petrify                  Alch/Erth      0%         N/A       98%         4
 Borgnjor's Vile Clutch   Necr/Erth      0%         N/A       100%        5
 Freezing Cloud           Conj/Ice/Air   0%         6-21      100%        5
 Irradiate                Conj/Alch      0%         3d11      100%        5
 Summon Forest            Summ/Tloc      0%         N/A       100%        5
 Death Channel            Necr           0%         N/A       100%        6
 Eringya's Noxious Bog    Alch           0%         4d6       100%        6
 Sculpt Simulacrum        Ice/Alch       0%         N/A       100%        6
 Summon Cactus Giant      Summ           0%         N/A       100%        6
 Ozocubu's Refrigeration  Ice            0%         4d7       100%        7
 Summon Hydra             Summ           0%         N/A       100%        7
 Discord                  Hex            0%         N/A       100%        8


Dungeon Overview and Level Annotations

Branches:
Dungeon (15/15)            Temple (1/1) D:5            Lair (5/5) D:10
  Swamp (2/4) Lair:2       Spider (0/4) Lair:2        Slime (0/5) Lair:5
    Orc (2/2) D:10            Elf (0/3) Orc:2        Vaults (0/5) D:14
 Depths (0/4) D:15

Altars:
Ashenzari
Cheibriados
Dithmenos
Elyvilon
Fedhas
Gozag
Hepliaklqana
Kikubaaqudgha
Makhleb
Nemelex Xobeh
Okawaru
Qazlal
Ru
Sif Muna
Trog
Uskayaw
Vehumet
Wu Jian
Xom
Yredelemnul
Zin
The Shining One

Shops:
D:1 =   D:4 *[?!   D:9 *   Orc:2 ([*:

Annotations:
Swamp:1 3 runed translucent doors, DeathSocks's ghost, journeyman VSDe


Innate Abilities, Weirdness & Mutations

You are an enormous serpent.
You have a powerful constriction melee attack.
Your maximum health is increased.
Your armour is entirely melded.
You are incapable of wielding weapons or throwing items.
You are too large for most types of armour.
((You have a pair of small horns on your head.))
((You have tough skin. (AC +1)))
You gain doubled healing and magic from potions.
Whenever you drink a healing potion, you attack all around you.


Message History

Qazlal accepts your kill.
You feel a bit more experienced.
Found a rapier.
You block the spriggan rider's attack.
The spriggan rider attacks as it pursues you!
The spriggan rider closely misses you.
The spriggan rider hits you from afar with a +0 spear!!
You feel more protected from physical attacks.
You block the spriggan rider's attack.
The spriggan rider hits you from afar with a +0 spear.
You enter the shallow water.
The spriggan rider hits you from afar with a +0 spear!!
* * * LOW HITPOINT WARNING * * *
You feel more protected from physical attacks.
The spriggan rider hits you from afar with a +0 spear!
* * * LOW HITPOINT WARNING * * *
The spriggan rider hits you from afar with a +0 spear!
* * * LOW HITPOINT WARNING * * *
You feel more protected from physical attacks.
Blink to where?
Press: ? - help, Dir - move target
As you read the scroll of blinking, it crumbles to dust.
As you read the scroll of fear, it crumbles to dust.
You assume a fearsome visage.
The spriggan rider resists with some effort.
The spriggan rider looks frightened!
You feel yourself speed up.
The spriggan rider hits you from afar with a +0 spear!!
* * * LOW HITPOINT WARNING * * *
You enter the shallow water.
As you read the scroll of fear, it crumbles to dust.
You assume a fearsome visage.
The spriggan rider resists with some effort.
The spriggan rider is engulfed in freezing vapours.
You block the spriggan rider's attack.
As you read the scroll of fear, it crumbles to dust.
You assume a fearsome visage.
The bog body is unaffected.
The spriggan rider resists with almost no effort.
The spriggan rider is engulfed in freezing vapours.
The spriggan rider hits you from afar with a +0 spear!!
You die...

...~~~~~.♣♣♣♣♣ ...~~~~~~..<.♣
♣♣~~~.~~.♣♣ .#~~~~~~~....♣♣
♣♣♣♣.....~~~.. ##~~~~~~~.~♣♣~♣
♣♣~♣♣~~~~~~~..♣
.~...~~~.<.~~♣♣♣♣♣....~~~~~~...♣♣
~~~§.~~~~..~..~♣♣......~~~§~.♣♣♣.
.♣♣♣♣.~~~~~~....♣○~~..~~~~.~♣♣...
.♣ ♣.....~~÷.~~♣.○~..~~~~.♣~.~~.
♣ ♣.~...~~~..○S○i...~n.i.......
♣.~§~~~~..♣♣.~~..~~i~♣♣~~~...
♣.~~~~~).♣♣♣.~☼°~~~~.~~~.i.~.
♣♣♣.....♣♣♣..~~~~~~~~....♣♣♣.
♣♣♣♣♣♣♣ ♣~.~~~..~~.~~~~♣~).
♣♣♣♣♣♣♣♣♣♣~ ♣♣~§.♣♣~~...~~.i.†#
~~..~♣♣..~ ♣.~~.♣♣~~.~.~~$...)
~~~~~....~♣♣♣♣♣.~..♣♣♣...~..<....
§~~~~~~.~♣~~♣~~~...♣ ♣...♣~.♣...#


You could see 2 spriggan riders and a bog body.

Vanquished Creatures
  Rupert (D:13)
  2 thorn hunters
  Kirke (D:14)
  Gastronok (D:8)
  An orc warlord (Orc:1)
  A stone giant (D:15)
  4 eleionomae
  Azrael (D:12)
  A bunyip (Swamp:1)
  An ettin (Orc:2)
  Josephine (D:14)
  12 hydras
  2 vault guards
  4 catoblepae
  3 alligators (Swamp:1)
  Erolcha (D:9)
  3 centaur warriors
  3 two-headed ogres
  3 boulder beetles
  4 tengu warriors (D:15)
  An occultist (D:15)
  16 death yaks
  4 orc high priests (Orc:2)
  3 spriggans
  Amaemon (Lair:1)
  3 skysharks
  4 goliath frogs
  4 bog bodies
  2 swamp dragons
  2 arcanists (D:14)
  3 orc knights
  A deep elf pyromancer (D:15)
  4 necromancers (D:14)
  3 ugly things (D:13)
  4 orc sorcerers
  A will-o-the-wisp (Swamp:1)
  Maurice (D:6)
  2 cyclopes (D:15)
  5 manticores
  6 black mambas
  4 kobold blastminers (Orc:2)
  2 torpor snails
  13 elephants
  2 gargoyles
  Maggie (D:10)
  13 cane toads
  An orange demon (Lair:1)
  A kobold demonologist (D:6)
  3 rime drakes
  A freezing wraith (D:14)
  8 komodo dragons
  An unseen horror (D:10)
  A tengu conjurer (D:15)
  A tyrant leech (Swamp:1)
  A polar bear (Lair:1)
  6 trolls
  3 hornets
  14 blink frogs
  10 dream sheep (Lair:5)
  14 slime creatures
  71 yaks
  5 hogs (D:14)
  4 wyverns
  3 vampires
  5 wraiths
  17 humans (D:14)
  Grum (D:9)
  6 fire elementals (D:12)
  2 wargs (Orc:1)
  5 basilisks
  12 vampire mosquitoes
  Edmund (D:6)
  16 swamp worms
  10 water moccasins
  2 sky beasts
  A swamp drake (Swamp:1)
  29 orc warriors
  3 ice beasts
  6 black bears
  9 ogres
  8 centaurs
  23 wolves
  4 phantoms
  3 kobold brigands
  20 bullfrogs
  A scorpion (Orc:1)
  3 wights (D:8)
  8 killer bees
  3 howler monkeys
  4 electric eels
  3 bombardier beetles
  2 jellies
  15 orc priests
  3 hounds
  Crazy Yiuf (D:6)
  34 orc wizards
  A sleepcap (D:5)
  Ijyb (D:3)
  5 iguanas
  4 gnolls
  7 adders
  A shadow imp (D:6)
  4 ufetubi (D:7)
  A dart slug (D:1)
  69 orcs
  10 ball pythons
  3 endoplasms
  8 giant cockroaches
  5 hobgoblins
  23 kobolds
  5 quokkas
  3 bats
  3 frilled lizards
  A goblin (D:1)
  5 rats
722 creatures vanquished.

Vanquished Creatures (others)
  A bloated husk (Swamp:1)
  A human (D:14)
  An orc (Orc:2)
  2 foxfires (Swamp:1)
5 creatures vanquished.

Grand Total: 727 creatures vanquished

Notes
Turn   | Place    | Note
-------+----------+-------------------------------------------
     0 | D:1      | cforsyth the Oni Shapeshifter began the quest for the Orb.
     0 | D:1      | Reached XP level 1. HP: 19/19 MP: 1/1
   279 | D:1      | Reached skill level 2 in Fighting
   279 | D:1      | Reached XP level 2. HP: 23/28 MP: 2/2
   454 | D:1      | Found Cawkyru's Jewellery Shop.
   823 | D:2      | Reached XP level 3. HP: 36/36 MP: 3/3
   984 | D:2      | Found a snail-covered altar of Cheibriados.
  1304 | D:2      | Reached skill level 3 in Fighting
  1380 | D:3      | Reached XP level 4. HP: 27/45 MP: 4/4
  1512 | D:4      | HP: 2/45 [giant cockroach (1)]
  1748 | D:3      | Found a blossoming altar of Fedhas.
  2057 | D:3      | Noticed Ijyb
  2080 | D:3      | Killed Ijyb
  2279 | D:2      | Reached XP level 5. HP: 52/54 MP: 5/5
  2344 | D:3      | Reached skill level 4 in Fighting
  2603 | D:3      | Found an opulent altar of Gozag.
  2740 | D:4      | Found Tuteumol's Distillery.
  2789 | D:4      | Found Ydwusel's Assorted Antiques.
  2829 | D:4      | Found Bulag's Antique Armour Boutique.
  2999 | D:4      | Found a radiant altar of Vehumet.
  3210 | D:4      | Found a white marble altar of Elyvilon.
  3403 | D:4      | Found Wiyl's Magic Scroll Boutique.
  3547 | D:4      | Bought a scroll labelled SOOXOW HISE for 23 gold pieces
  3547 | D:4      | Bought a scroll labelled SOOXOW HISE for 23 gold pieces
  3547 | D:4      | Bought a scroll labelled SAYDIU ROUPH for 23 gold pieces
  3547 | D:4      | Bought a scroll labelled ORASEVV YHUOLU for 23 gold pieces
  3547 | D:4      | Bought a white potion for 20 gold pieces
  3547 | D:4      | Bought a scroll labelled KOD ICOCUCI for 23 gold pieces
  3615 | D:4      | Bought a scroll of identify for 28 gold pieces
  3615 | D:4      | Bought a scroll of teleportation for 42 gold pieces
  3615 | D:4      | Bought a scroll of identify for 28 gold pieces
  3615 | D:4      | Bought a scroll of identify for 28 gold pieces
  3615 | D:4      | Bought a scroll of identify for 28 gold pieces
  3670 | D:5      | Entered Level 5 of the Dungeon
  3670 | D:5      | Noticed an ogre
  3689 | D:5      | Reached XP level 6. HP: 63/63 MP: 6/6
  3705 | D:5      | Noticed an ice beast
  3714 | D:5      | Reached skill level 5 in Fighting
  3720 | D:5      | Killed an ice beast
  3721 | D:5      | Reached XP level 7. HP: 17/72 MP: 7/7
  4154 | D:5      | Reached skill level 6 in Fighting
  4154 | D:5      | Reached skill level 5 in Shapeshifting
  4410 | D:5      | Reached skill level 5 in Unarmed Combat
  4441 | D:5      | Found a staircase to the Ecumenical Temple.
  4450 | Temple   | Entered the Ecumenical Temple
  4461 | Temple   | Became a worshipper of Qazlal Stormbringer
  4758 | D:5      | Reached XP level 8. HP: 69/84 MP: 8/8
  4766 | D:5      | Reached skill level 7 in Fighting
  5059 | D:5      | Found a sparkling altar of Nemelex Xobeh.
  5793 | D:6      | Noticed a kobold demonologist
  5797 | D:6      | Noticed a sun demon
  5798 | D:6      | Noticed a soul eater
  5800 | D:6      | Noticed an ice devil
  5803 | D:6      | Killed a kobold demonologist
  5804 | D:6      | Reached skill level 8 in Fighting
  6263 | D:6      | Reached XP level 9. HP: 92/97 MP: 9/9
  6290 | D:6      | Reached * piety under Qazlal
  6413 | D:6      | Found a shadowy altar of Dithmenos.
  6460 | D:6      | Identified the +3 ring mail of Pride {rPois rN++}
  6473 | D:6      | Noticed Edmund
  6482 | D:6      | Killed Edmund
  6483 | D:6      | Reached skill level 9 in Fighting
  6606 | D:6      | Noticed a troll
  6652 | D:6      | Killed a troll
  7274 | D:6      | Found a runed translucent door.
  7275 | D:6      | Noticed Crazy Yiuf
  7644 | D:7      | Noticed Maurice
  7645 | D:7      | Maurice stole a +5 ring of evasion
  7939 | D:6      | Reached skill level 10 in Fighting
  7947 | D:7      | Maurice stole a beast talisman
  7958 | D:7      | Something stole 137 gold
  7965 | D:6      | Killed Maurice
  8182 | D:7      | Found a snail-covered altar of Cheibriados.
  8248 | D:7      | Reached XP level 10. HP: 105/111 MP: 10/10
  8701 | D:8      | Reached ** piety under Qazlal
  8787 | D:8      | Noticed a two-headed ogre
  8956 | D:8      | Reached skill level 11 in Fighting
  9885 | D:8      | Noticed Gastronok
  9990 | D:8      | Killed Gastronok
 10320 | D:8      | Killed a two-headed ogre
 10321 | D:8      | Reached skill level 12 in Fighting
 10825 | D:8      | Found a shimmering altar of Xom.
 11152 | D:9      | Noticed a two-headed ogre
 11168 | D:8      | Killed a two-headed ogre
 11169 | D:8      | Reached XP level 11. HP: 78/124 MP: 11/11
 11302 | D:9      | Noticed Grum
 11501 | D:9      | Killed Grum
 11871 | D:9      | Found Omobaa's General Store.
 11913 | D:9      | Noticed Erolcha
 12441 | D:10     | Entered Level 10 of the Dungeon
 12451 | D:10     | Noticed Maggie
 12822 | D:9      | Reached skill level 13 in Fighting
 12864 | D:10     | Killed Maggie
 13141 | D:10     | Found a basalt altar of Yredelemnul.
 13163 | D:10     | Found a staircase to the Orcish Mines.
 13340 | D:10     | Found a staircase to the Lair.
 13371 | Lair:1   | Entered Level 1 of the Lair of Beasts
 13535 | D:10     | Noticed Amaemon
 13569 | Lair:1   | Killed Amaemon
 13570 | Lair:1   | Reached skill level 10 in Unarmed Combat
 13570 | Lair:1   | Reached skill level 10 in Shapeshifting
 13962 | D:10     | Noticed a two-headed ogre
 13973 | D:10     | Killed a two-headed ogre
 14878 | D:11     | Reached skill level 14 in Fighting
 15303 | D:11     | Reached *** piety under Qazlal
 16082 | D:12     | Reached XP level 12. HP: 136/139 MP: 12/12
 16876 | D:12     | Noticed Azrael
 16892 | D:12     | Killed Azrael
 17596 | D:12     | Noticed a boulder beetle
 17624 | D:13     | Reached skill level 15 in Fighting
 17862 | D:9      | Killed Erolcha
 18128 | D:9      | Found a hazy altar of Hepliaklqana.
 18646 | D:6      | Killed Crazy Yiuf
 19457 | Lair:1   | Reached **** piety under Qazlal
 19765 | Lair:1   | Reached skill level 16 in Fighting
 19767 | Lair:1   | Reached XP level 13. HP: 152/152 MP: 13/13
 20539 | Lair:2   | Noticed an eleionoma
 20548 | Lair:2   | Killed an eleionoma
 20588 | Lair:2   | Found a staircase to the Swamp.
 20740 | Lair:2   | Reached ***** piety under Qazlal
 20972 | Lair:2   | Found a hole to the Spider Nest.
 21560 | Lair:3   | Reached skill level 17 in Fighting
 22656 | Lair:4   | Reached XP level 14. HP: 167/167 MP: 14/14
 23096 | Lair:4   | Reached skill level 18 in Fighting
 23740 | Lair:4   | Identified a scroll of acquirement
 23765 | Lair:5   | Entered Level 5 of the Lair of Beasts
 23825 | Lair:5   | Found a staircase to the Slime Pits.
 24967 | Lair:5   | Reached skill level 19 in Fighting
 25012 | Lair:4   | Reached ****** piety under Qazlal
 25291 | Lair:5   | Reached XP level 15. HP: 173/180 MP: 15/15
 25499 | Lair:5   | Found a shadowy altar of Dithmenos.
 26036 | Lair:5   | Identified the +8 chain mail of the Harvest {Dex+3}
 26275 | Orc:1    | Entered Level 1 of the Orcish Mines
 26433 | Orc:1    | Found a bloodstained altar of Trog.
 26562 | Orc:2    | Entered Level 2 of the Orcish Mines
 26562 | Orc:2    | Found a staircase to the Elven Halls.
 27074 | Orc:2    | Noticed an orc warlord
 27656 | Orc:2    | Reached skill level 20 in Fighting
 28317 | Orc:1    | Killed an orc warlord
 28547 | Orc:2    | Found Osuom's General Store.
 28548 | Orc:2    | Found Lijir's Book Shoppe.
 28550 | Orc:2    | Found Xierhatu's Antique Armour Shoppe.
 28550 | Orc:2    | Found Liusch's Antique Weapon Emporium.
 28907 | Orc:1    | Found a bloodstained altar of Trog.
 29733 | D:13     | Reached skill level 15 in Shapeshifting
 30059 | D:13     | Reached skill level 15 in Unarmed Combat
 30311 | D:14     | Noticed Rupert
 30323 | D:13     | Paralysed by Rupert for 2 turns
 30334 | D:13     | Killed Rupert
 30551 | D:14     | Noticed Josephine
 30559 | D:14     | Killed Josephine
 30596 | D:14     | Noticed Kirke
 30626 | D:14     | Killed Kirke
 30812 | D:14     | Reached XP level 16. HP: 195/195 MP: 16/16
 30986 | D:14     | Found a broken altar of Ashenzari.
 31365 | D:14     | Reached skill level 21 in Fighting
 31803 | D:14     | Found a gate to the Vaults.
 31869 | D:15     | Entered Level 15 of the Dungeon
 31879 | D:15     | Found an opulent altar of Gozag.
 32651 | D:15     | Found a staircase to the Depths.
 32692 | D:15     | Identified the ring of Giarchus {rPois rN+ Int-2 Dex+6}
 32899 | Swamp:1  | Entered Level 1 of the Swamp
 33183 | Swamp:1  | Found a runed translucent gate.
 33183 | Swamp:1  | Found a runed translucent gate.
 33183 | Swamp:1  | Found a runed translucent gate.
 33185 | Swamp:1  | Noticed DeathSocks's ghost (journeyman VSDe)
 33737 | Swamp:1  | Noticed a thorn hunter
 33755 | Swamp:1  | Killed a thorn hunter
 34546 | Swamp:2  | Noticed a thorn hunter
 34558 | Swamp:2  | Killed a thorn hunter
 34695 | Swamp:2  | Reached skill level 22 in Fighting
 35063 | Swamp:2  | Slain by a spriggan rider

Illustrated notes

Levels and vault maps discovered:
D:1:      shiori_arrival_maze, layout_basic, serial_shops, shop,
          minmay_misc_feat_cross
D:2:      layout_basic, basic_altar
D:3:      layout_rooms, lemuel_coloured_pillars_altar,
          mainiacjoe_overflow_concentric_impassable, dreamdust_princess_bridge,
          uniq_ijyb
D:4:      layout_cave_pods, mainiacjoe_overflow_surrounded_room,
          nicolae_vehumet_altar_sigil, serial_shops, shop,
          nicolae_shop_rolled_up, shop_statue, nicolae_shop_tiny_glass
D:5:      layout_layer_cave, kennysheep_mini_moat,
          minmay_temple_entry_large_hall, kennysheep_decorative_pillar,
          nicolae_fountain_basement
D:6:      minmay_cornered_nines, layout_basic, mainiacjoe_overflow_brackets,
          kennysheep_cross_room, uniq_crazy_yiuf_cottage, uniq_edmund
D:7:      layout_gridville, lemuel_doored_altar, uniq_maurice
D:8:      layout_layer_cave, regret_index_xom_buried_treasure, uniq_gastronok
D:9:      layout_big_octagon, lemuel_round_altar, serial_shops, shop, uniq_grum,
          uniq_erolcha
D:10:     layout_cave_pools, mainiacjoe_overflow_boulevard, lair_entry_dummy,
          david_orc_3, uniq_maggie, uniq_amaemon
D:11:     layout_layer_cave, serial_bayou_ford_a
D:12:     layout_loops_corners, uniq_azrael
D:13:     layout_rooms
D:14:     layout_loops_cross, grunt_vaults_entry_tiered,
          ashenzari_conservatory_becter, uniq_josephine, uniq_rupert, uniq_kirke
D:15:     grunt_enter_depths_snipers, layout_gridville,
          nicolae_gozag_seed_capital, minivault_25, minmay_misc_feat_pillars
Temple:   hellmonk_temple_flake
Lair:1:   layout_hall_layers, serial_bayou_shore_b, serial_bayou_shore_b,
          grunt_megastairs_1
Lair:2:   layout_cave_pods, alex1729_swamp_entry_worm_eleionoma,
          dummy_spider_entry
Lair:3:   layout_cave_pods, st_stairs_13
Lair:4:   layout_long_grid, minmay_shattered_shrine, grunt_megastairs_5,
          infiniplex_staircase_pool
Lair:5:   evilmike_catoblepas_cave, layout_hall_layers, slime_entry_1,
          basic_altar, serial_forest, infiniplex_forest_lined_2,
          infiniplex_forest_end_1, infiniplex_forest_lined_room_,
          infiniplex_forest_clump_diagonal, infiniplex_forest_end_double,
          infiniplex_forest_end_2, infiniplex_forest_straight_3,
          infiniplex_forest_lined_room_, minivault_25
Swamp:1:  layout_basic_swamp, gammafunk_ghost_hydra_chop,
          evilmike_swamp_ruin_house_2, nicolae_swamp_no_escape
Swamp:2:  layout_basic_swamp, serial_swamp_ruin, evilmike_swamp_ruin_house_6,
          evilmike_swamp_ruin_house_3
Orc:1:    layout_diamond_mine, basic_altar, trog_butcher_becter
Orc:2:    st_orc_congregation, layout_diamond_mine

Skill      XL: |  1  2  3  4  5  6  7  8  9 10 11 12 13 14 15 16 |
---------------+-------------------------------------------------+-----
Fighting       | 2 3 4 5 6 8 10 12 14 16 17 19 20 22 | 22.0
Unarmed Combat | 3 4 5 6 7 9 10 11 12 14 15 16 | 16.1
Shapeshifting  | 4 5 6 7 9 10 11 13 14 15 16 | 16.1
Dodging        | |  1.7

Action                     |  1- 3 |  4- 6 |  7- 9 | 10-12 | 13-15 | 16-18 || total
---------------------------+-------+-------+-------+-------+-------+-------++-------
  Melee: Unarmed           |    94 |   103 |   214 |   502 |   801 |   234 ||  1948
         Headbutt          |     6 |    20 |    41 |    98 |       |       ||   165
         Punch             |     1 |       |    10 |    38 |       |       ||    49
         Constrict         |       |       |       |    18 |   184 |    52 ||   254
  Evoke: Wand              |       |       |     7 |    19 |       |       ||    26
    Use: Scroll            |       |    13 |     1 |     5 |     8 |     7 ||    34
         Potion            |       |       |     3 |     4 |     1 |     3 ||    11
   Stab: Sleeping          |     1 |       |       |       |       |       ||     1
         Distracted        |       |       |       |       |     1 |       ||     1
 Armour: Animal skin       |    66 |    91 |   174 |   198 |       |       ||   529
         Skin              |       |       |     6 |    53 |   478 |   199 ||   736
         Steam dragon scal |       |       |       |   167 |       |       ||   167
  Dodge: Dodged            |    47 |    39 |    82 |   245 |   376 |   127 ||   916
         Repelled          |       |       |       |       |     6 |     7 ||    13
  Block: Other             |       |       |     2 |    69 |   204 |    74 ||   349
   Form: Serpent           |       |       |       |     1 |       |       ||     1

Table legend: (Time is in decaauts)
 A = Elapsed time spent in this place.
 B = Non-inter-level travel time spent in this place.
 C = Inter-level travel time spent in this place.
 D = Time resting spent in this place.
 E = Time spent auto-exploring this place.
 F = Levels seen in this place.
 G = Mean time per level.
                   A        B        C        D        E       F      G
               +--------+--------+--------+--------+--------+-----+--------+
         Total |  34730 |  33264 |   1466 |   6499 |  22138 |  25 | 1389.2 |
       Dungeon |  22215 |  21106 |   1109 |   4233 |  13992 |  15 | 1481.0 |
        Temple |     22 |      1 |     21 |      0 |      0 |   1 |   22.0 |
          Lair |   7601 |   7366 |    235 |    759 |   5587 |   5 | 1520.2 |
         Swamp |   2133 |   2116 |     17 |    164 |   1674 |   2 | 1066.5 |
  Orcish Mines |   2758 |   2675 |     83 |   1342 |    885 |   2 | 1379.0 |
               +--------+--------+--------+--------+--------+-----+--------+

Top non-repeatable levels by time:
     D:8: 3177 daAuts
     D:6: 2451 daAuts
     D:5: 1976 daAuts
    D:11: 1941 daAuts
  Lair:5: 1926 daAuts
   Orc:1: 1899 daAuts
 Swamp:1: 1772 daAuts
  Lair:4: 1724 daAuts
  Lair:1: 1706 daAuts
    D:12: 1618 daAuts
    D:10: 1593 daAuts
    D:13: 1501 daAuts
     D:4: 1379 daAuts
  Lair:2: 1258 daAuts
     D:7: 1203 daAuts
